 Dungeon Crawl Stone Soup version 0.24-a0-537-g2d01d4ab0a (webtiles) character file.

Game seed: 3740008472718459826

4310 1994 the Grappler (level 10, -6/83 HPs)
             Began as a Grey Draconian Transmuter on Aug 14, 2019.
             Was a Believer of Makhleb.
             Mangled by a merfolk
             ... wielding a +0 spear
              (12 damage)
             ... on level 9 of the Dungeon.
             The game lasted 00:47:42 (12551 turns).

1994 the Grappler (Grey Draconian Transmuter)      Turns: 12551, Time: 00:47:42

Health: -6/83      AC:  2    Str: 13    XL:     10   Next: 11%
Magic:  26/27      EV: 10    Int: 17    God:    Makhleb [**....]
Gold:   515        SH:  0    Dex: 16    Spells: 5/19 levels left

rFire    . . .     SeeInvis .     - Unarmed
rCold    . . .     Gourm    .   (shield currently unavailable)
rNeg     . . .     Faith    .   (armour unavailable)
rPois    x         Spirit   .   (helmet currently unavailable)
rElec    .         Reflect  .   (cloak currently unavailable)
rCorr    .         Harm     .   (gloves currently unavailable)
MR       .....                  (boots currently unavailable)
Stlth    +.........             C - amulet of the acrobat
HPRegen  0.23/turn              y - ring of flight
MPRegen  0.20/turn              L - ring of magical power (curse)

@: spider-form (expiring), held
A: tiny, (walk through water), unfitting armour, AC +12
a: End Transformation, Minor Destruction, Renounce Religion, Evoke Flight


You were on level 9 of the Dungeon.
You worshipped Makhleb.
Makhleb was pleased with you.
You were not hungry.
You were a venomous arachnid creature.
You visited 2 branches of the dungeon, and saw 12 of its levels.
You also visited: Sewer.

You collected 515 gold pieces.

Inventory:

Hand Weapons
 x - a +0 hunting sling
Missiles
 a - 239 arrows
 d - 234 stones (quivered)
 p - 55 sling bullets
Armour
 g - a +1 hat (melded)
 D - a +1 cloak (melded)
Jewellery
 y - a ring of flight (left front leg)
 C - an amulet of the acrobat (around neck)
 L - a cursed ring of magical power (right front leg)
Wands
 m - a wand of iceblast (8)
 o - a wand of acid (6)
 w - a wand of disintegration (6)
 B - a wand of flame (12)
 H - a wand of polymorph (5)
Scrolls
 b - 3 scrolls of remove curse
 e - 11 scrolls of teleportation
 f - 5 scrolls of amnesia
 i - a scroll of enchant armour
 k - 3 scrolls of magic mapping
 l - 3 scrolls of fog
 n - 2 scrolls of fear
 q - a scroll of blinking
 E - a scroll of silence {unknown}
 G - a scroll of brand weapon {unknown}
 K - 2 scrolls of identify
Potions
 h - 2 potions of might
 j - 2 potions of invisibility
 r - 6 potions of heal wounds
 s - 2 potions of brilliance
 t - 3 potions of magic
 u - 4 potions of curing
 v - 2 potions of haste
 z - 2 potions of flight
 A - 2 potions of lignification
 F - a potion of agility {unknown}
 I - a potion of degeneration {unknown}
 M - a potion of mutation {unknown}
Comestibles
 c - 10 rations
 J - 5 chunks of flesh


   Skills:
 + Level 6.1 Fighting
 - Level 1.7 Dodging
 * Level 8.5 Unarmed Combat
 + Level 5.4 Spellcasting
 * Level 8.2 Transmutations
 - Level 5.0 Ice Magic
 - Level 1.0 Poison Magic


You had 5 spell levels left.
You knew the following spells:

 Your Spells              Type           Power        Failure   Level  Hunger
a - Blade Hands           Tmut           ####......   30%         5    ######.
b - Sticks to Snakes      Tmut           ####....     4%          2    #......
c - Spider Form           Tmut/Pois      ###.......   17%         3    ##.....
d - Ice Form              Ice/Tmut       ####....     22%         4    ####...

Your spell library contained the following spells:

 Spells                   Type           Power        Failure   Level  Hunger
 Beastly Appendage        Tmut           ####..       3%          1    None
 Ensorcelled Hibernation  Hex/Ice        ##....       21%         2    #......
 Corona                   Hex            #......      32%         1    None
 Confuse                  Hex            #.......     61%         3    ##.....
 Dazzling Spray           Conj/Hex       #.....       61%         3    ##.....
 Tukima's Dance           Hex            #.......     61%         3    ##.....


Dungeon Overview and Level Annotations

Branches:
Dungeon (11/15)            Temple (1/1) D:7            Lair (0/6) D:8
    Orc (0/2) D:9

Altars:
Ashenzari
Cheibriados
Dithmenos
Elyvilon
Fedhas
Gozag
Hepliaklqana
Kikubaaqudgha
Makhleb
Nemelex Xobeh
Okawaru
Qazlal
Ru
Sif Muna
Trog
Uskayaw
Vehumet
Wu Jian
Xom
Yredelemnul
Zin
The Shining One
Beogh

Shops:
D:5 =   D:9 =

Annotations:
D:6 3 runed translucent doors, anything's ghost, novice OpBe
D:11 Sonja


Innate Abilities, Weirdness & Mutations

((You can walk through water.))
((Your dull iron-grey scales are very hard. (AC +12)))
You cannot fit into any form of body armour.
((You can survive without breathing.))
((You are cold-blooded and may be slowed by cold attacks.))


Message History

* * * LOW HITPOINT WARNING * * *
Press: ? - help, Shift-Dir - straight line, f/p - merfolk
Aim: a merfolk, wielding a +0 spear (heavily wounded, covered in acid)
The merfolk writhes in agony.
The merfolk closely misses you.
Press: ? - help, Shift-Dir - straight line, f/p - merfolk
Aim: a merfolk, wielding a +0 spear (heavily wounded, covered in acid)
The zap hits the merfolk.
The merfolk is heavily wounded.
The merfolk closely misses you.
Press: ? - help, Shift-Dir - straight line, f/p - merfolk
Aim: a merfolk, wielding a +0 spear (heavily wounded, covered in acid)
The stone arrow misses the merfolk.
The merfolk hits you but does no damage.
Press: ? - help, Shift-Dir - straight line, f/p - merfolk
Aim: a merfolk, wielding a +0 spear (heavily wounded, covered in acid)
The puff of flame hits the merfolk.
The merfolk is severely wounded.
Your transformation is almost over.
The merfolk hits you from afar with a +0 spear!
You die...

............#
#...# #..#
#....
............#
#...# #..#
#....
......[.....#
#...# #..#
#.###
............#
#÷÷.# #..#
#.#
............#
#...####..#
#.#
......_.....#
#.........#
#.#
............#
#.........#
#.#
............#
#..####...#
#.#
............#
#s.# #...#
#.#
............#
#'## #...#
#.#
#######.....#
≈m† #...# #.#
.....#8.....#
#≈.## #...#
#.#
.....#......#
#≈.. #...#
#.#
.._..)..>...#
#≈.% #...#
#.#
.....#......#
##### #...#
#.#
.....#8.....#
#..# #...#
#.#
#######...))#
#..# #...#
#.#


You could see a merfolk.

Vanquished Creatures
  A two-headed ogre (D:8)
  A komodo dragon (D:8)
  A troll (D:8)
  A hippogriff (D:7)
  Sigmund (D:3)
  A hungry ghost (D:8)
  Menkaure (D:4)
  Duvessa (D:6)
  3 orc warriors
  2 sky beasts
  2 black bears
  2 ogres (D:8)
  3 centaurs
  6 bullfrogs
  Dowan (D:6)
  A wyvern zombie (D:7)
  7 howler monkeys
  A bullfrog skeleton (D:9)
  A jelly (D:5)
  A gnoll shaman (D:8)
  A hound (D:4)
  Crazy Yiuf (D:6)
  2 centaur skeletons
  6 orc priests
  7 orc wizards
  An iguana (D:6)
  7 worker ants
  Robin (D:3)
  7 adders
  3 gnolls (D:8)
  7 river rats (Sewer)
  A shadow imp (D:6)
  An ooze (Sewer)
  3 adder skeletons
  4 worms
  A dart slug (D:2)
  6 leopard geckos
  40 orcs
  10 ball pythons
  8 bats
  3 giant cockroaches
  15 goblins
  8 hobgoblins
  3 jackals
  2 quokkas
  6 frilled lizards
  A giant cockroach zombie (D:5)
  A jackal skeleton (D:4)
  8 kobolds
  A leopard gecko skeleton (D:6)
  A quokka skeleton (D:6)
  25 rats
229 creatures vanquished.

Vanquished Creatures (collateral kills)
  A scorpion (D:7)
  2 orc wizards
  Ijyb (D:3)
  2 adders
  2 orcs (D:10)
  4 ball pythons (Sewer)
  A rat (D:3)
13 creatures vanquished.

Vanquished Creatures (others)
  A bullfrog (D:8)
  A scorpion (D:8)
  A fungus (D:6)
  4 plants
7 creatures vanquished.

Grand Total: 249 creatures vanquished

Notes
Turn   | Place    | Note
-------+----------+-------------------------------------------
     0 | D:1      | 1994 the Draconian Transmuter began the quest for the Orb.
     0 | D:1      | Reached XP level 1. HP: 16/16 MP: 3/3
   468 | D:1      | Reached XP level 2. HP: 23/23 MP: 3/5
   472 | D:1      | Learned a level 2 spell: Sticks to Snakes
  1023 | D:2      | Reached XP level 3. HP: 19/28 MP: 3/6
  1039 | D:2      | Learned a level 3 spell: Spider Form
  1487 | D:2      | Reached XP level 4. HP: 15/36 MP: 4/7
  2298 | D:3      | Found a glowing drain.
  2365 | Sewer    | Entered a sewer
  2391 | Sewer    | Reached skill level 1 in Poison Magic
  2526 | Sewer    | Reached XP level 5. HP: 34/41 MP: 4/8
  3394 | Sewer    | Reached XP level 6. HP: 37/50 MP: 6/10
  3651 | Sewer    | Learned a level 4 spell: Ice Form
  3781 | D:3      | Noticed Ijyb
  3805 | D:3      | Killed Ijyb
  3829 | D:3      | Noticed Sigmund
  3921 | D:3      | Killed Sigmund
  3921 | D:3      | Reached skill level 5 in Unarmed Combat
  3921 | D:3      | Reached skill level 1 in Ice Magic
  3921 | D:3      | Your scales start taking on a dull iron-grey colour.
  3921 | D:3      | Reached XP level 7. HP: 34/57 MP: 9/11
  3921 | D:3      | Gained mutation: You can survive without breathing. [Grey
                  | Draconian growth]
  4038 | D:3      | Noticed Robin
  4047 | D:3      | Killed Robin
  4401 | D:4      | Noticed Menkaure
  5133 | D:4      | Killed Menkaure
  5325 | D:5      | Entered Level 5 of the Dungeon
  5366 | D:5      | Found a burning altar of Makhleb.
  5371 | D:5      | Became a worshipper of Makhleb the Destroyer
  5513 | D:5      | Found Meduzuph's Jewellery Shop.
  5567 | D:5      | Reached skill level 5 in Transmutations
  6433 | D:6      | Reached XP level 8. HP: 54/66 MP: 13/13
  6775 | D:6      | Noticed Dowan
  6775 | D:6      | Noticed Duvessa
  6801 | D:6      | Killed Duvessa
  6804 | D:6      | Killed Dowan
  7145 | D:6      | Noticed a kobold demonologist
  7146 | D:6      | Noticed anything's ghost (novice OpBe)
  7147 | D:6      | Found a runed translucent gate.
  7147 | D:6      | Found a runed translucent gate.
  7147 | D:6      | Found a runed translucent gate.
  7148 | D:6      | Identified the +8 whip "Zituil" {venom, *Corrode rF++
                  | Int+4}
  7620 | D:6      | Found a runed translucent door.
  7621 | D:6      | Noticed Crazy Yiuf
  7631 | D:6      | Killed Crazy Yiuf
  7814 | D:6      | Learned a level 5 spell: Blade Hands
  7857 | D:7      | Reached * piety under Makhleb
  7937 | D:7      | Found a staircase to the Ecumenical Temple.
  7955 | Temple   | Entered the Ecumenical Temple
  8993 | D:8      | Noticed a hippogriff
  9016 | D:7      | Killed a hippogriff
  9049 | D:8      | Reached XP level 9. HP: 64/72 MP: 15/15
  9086 | D:8      | Noticed a troll
  9416 | D:8      | Killed a troll
  9416 | D:8      | Reached skill level 5 in Ice Magic
  9682 | D:8      | Reached skill level 5 in Fighting
 10362 | D:8      | Noticed a two-headed ogre
 10437 | D:8      | Killed a two-headed ogre
 10594 | D:8      | Found a staircase to the Lair.
 10595 | D:8      | Noticed a komodo dragon
 10620 | D:8      | Killed a komodo dragon
 10620 | D:8      | Reached ** piety under Makhleb
 10648 | D:8      | Reached skill level 5 in Spellcasting
 11061 | D:9      | You fall into a shaft and drop 2 floors!
 11063 | D:11     | Noticed a green ugly thing
 11068 | D:11     | Noticed Sonja
 11072 | D:11     | Noticed a seven-headed hydra
 11083 | D:10     | Entered Level 10 of the Dungeon
 11361 | D:9      | Found a staircase to the Orcish Mines.
 11775 | D:9      | Reached XP level 10. HP: 77/83 MP: 11/17
 11978 | D:9      | Found Biapn's Jewellery Shoppe.
 12198 | D:9      | Found a white marble altar of Elyvilon.
 12364 | D:9      | Found a roughly hewn altar of Beogh.
 12551 | D:9      | Mangled by a merfolk

Levels and vault maps discovered:
D:1:      minmay_arrival_up_and_down, layout_rooms
D:2:      layout_rooms
D:3:      layout_rooms, cheibrodos_sewer_entry_bend, first_ration,
          supply_closet_lemuel, uniq_sigmund, uniq_ijyb, uniq_robin
D:4:      layout_loops_ring, uniq_menkaure
D:5:      layout_cave_pods, lemuel_doored_altar, serial_shops, shop_statue
D:6:      layout_gridville, gammafunk_ghost_nasty_kobolds, uniq_duvessa,
          uniq_crazy_yiuf_cottage
D:7:      layout_basic, minmay_temple_entry_sparse_star, minmay_misc_feat_tower,
          chequers_avenue
D:8:      layout_loops_ring, david_lair_shrubbed, lemuel_flamethrower_2
D:9:      layout_long_grid, minmay_orc_entry_temple_small, basic_altar,
          serial_shops, nicolae_shop_behind_doors, hangedman_fish_farm
D:10:     layout_cave_pools
D:11:     layout_long_grid, uniq_sonja
Temple:   nicolae_temple_the_god_donut

Skill      XL: |  1  2  3  4  5  6  7  8  9 10 |
---------------+-------------------------------+-----
Fighting       | 2 3 4 5 6 |  6.1
Transmutations | 3 4 5 6 8 |  8.2
Poison Magic   | 1 |  1.0
Unarmed Combat | 4 5 6 8 |  8.5
Spellcasting   | 3 4 5 |  5.4
Ice Magic      | 1 3 4 5 |  5.0
Dodging        | |  1.7

Action                   |  1- 3 |  4- 6 |  7- 9 | 10-12 || total
-------------------------+-------+-------+-------+-------++-------
Melee: Unarmed           |   118 |   251 |   497 |    62 ||   928
       Kick              |    11 |     3 |     3 |       ||    17
       Tailslap          |     8 |    23 |    36 |     5 ||    72
       Headbutt          |     9 |     5 |     6 |       ||    20
       Punch             |       |     2 |    12 |     1 ||    15
 Fire: Hunting sling     |       |       |     3 |       ||     3
Throw: Stone             |     2 |       |       |       ||     2
 Cast: Beastly Appendage |    24 |    15 |     7 |       ||    46
       Sticks to Snakes  |     3 |     7 |     4 |       ||    14
       Spider Form       |       |     8 |    17 |     2 ||    27
       Blade Hands       |       |       |     2 |       ||     2
Invok: Minor Destruction |       |       |     4 |    15 ||    19
Evoke: Wand              |       |       |    15 |       ||    15
  Use: Scroll            |       |     5 |    12 |       ||    17
       Potion            |       |     1 |       |       ||     1
 Stab: Distracted        |     1 |       |     1 |       ||     2
       Sleeping          |       |       |     1 |       ||     1
  Eat: Chunk             |     2 |    11 |    26 |     3 ||    42
       Ration            |       |       |     1 |       ||     1
Armor: Skin              |    47 |    91 |   132 |    15 ||   285
Dodge: Dodged            |   113 |   223 |   364 |    44 ||   744

Table legend:
 A = Non-vault XP
 B = Vault XP
 C = Vault XP percentage of total XP
 D = Non-vault monster count
 E = Vault monster count
 F = Vault count percentage of total count
                 A         B        C        D         E       F
            +---------+---------+-------+---------+---------+-------
      Total |    4351 |    1807 |  29.3 |     164 |      78 |  32.2
            +---------+---------+-------+---------+---------+-------
        D:1 |      43 |       0 |   0.0 |      22 |       0 |   0.0
        D:2 |     108 |       0 |   0.0 |      22 |       0 |   0.0
        D:3 |      59 |     289 |  83.0 |      14 |      14 |  50.0
        D:4 |     118 |     172 |  59.3 |      14 |       1 |   6.7
        D:5 |      97 |       0 |   0.0 |       7 |       0 |   0.0
        D:6 |     572 |     269 |  32.0 |      15 |       3 |  16.7
        D:7 |     577 |       0 |   0.0 |      18 |       0 |   0.0
        D:8 |    1994 |     528 |  20.9 |      31 |       5 |  13.9
        D:9 |     437 |     203 |  31.7 |      10 |       7 |  41.2
       D:10 |     289 |       0 |   0.0 |      10 |       0 |   0.0
       D:11 |      57 |       0 |   0.0 |       1 |       0 |   0.0
      Sewer |       0 |     346 | 100.0 |       0 |      48 | 100.0
            +---------+---------+-------+---------+---------+-------
